 Dungeon Crawl Stone Soup version 0.23-b1-6-ga921848 (webtiles) character file.

Game seed: 6985507809576440402

30 HEYYEYAAE the Bolt Thrower (level 3, 0/25 HPs)
             Began as an Octopode Hunter on Feb 2, 2019.
             Killed from afar by Terence (10 damage)
             ... with a wand of flame (24)
             ... on level 2 of the Dungeon.
             The game lasted 00:00:47 (496 turns).

HEYYEYAAE the Bolt Thrower (Octopode Hunter)         Turns: 496, Time: 00:00:48

Health: 0/25       AC:  1    Str: 11    XL:     3   Next: 20%
Magic:  3/3        EV: 14    Int: 13    God:
Gold:   41         SH:  0    Dex: 13    Spells: 2/2 levels left

rFire    . . .     SeeInvis .   a - +1 hand crossbow
rCold    . . .     Gourm    .   (no shield)
rNeg     . . .     Faith    .   (helmet restricted)
rPois    +         Spirit   .   f - amulet of harm
rElec    .         Reflect  .   e - ring of flight
rCorr    .         Harm     +   h - ring of attention (curse)
MR       .....                  k - ring of poison resistance
Stlth    ++........             (no ring)
HPRegen  0.08/turn              (no ring)
MPRegen  0.08/turn              (no ring)
                                (no ring)
                                (no ring)

@: no status effects
A: almost no armour, stealthy swim, amphibious, 8 rings, constrict 8, camouflage
1, gelatinous body 1
a: Evoke Flight


You were on level 2 of the Dungeon.
You were not hungry.

You visited 1 branch of the dungeon, and saw 2 of its levels.

You collected 41 gold pieces.

Inventory:

Hand Weapons
 a - a +1 hand crossbow (weapon)
 b - a +0 short sword
Missiles
 c - 14 bolts (quivered)
Jewellery
 e - a ring of flight (left tentacle)
 f - an amulet of harm (around mantle)
 h - a cursed ring of attention (right tentacle)
 k - a ring of poison resistance (on tentacle)
Scrolls
 g - a scroll of identify {unknown}
 i - 2 scrolls of remove curse {unknown}
Potions
 j - a potion of berserk rage {unknown}
Comestibles
 d - 2 rations


   Skills:
 + Level 2.4 Fighting
 * Level 4.5 Crossbows
 + Level 2.4 Dodging
 - Level 1.3 Stealth


You had 2 spell levels left.
You didn't know any spells.
Your spell library was empty.

Dungeon Overview and Level Annotations

Branches:
Dungeon (2/15)

Altars:

Annotations:
D:2 Terence


Innate Abilities, Weirdness & Mutations

You cannot wear most types of armour.
You are very stealthy in the water. (Stealth+)
You are amphibious.
You can wear up to eight rings at the same time.
You can use your tentacles to constrict eight enemies at once.
Your skin changes colour to match your surroundings (Stealth+).
Your rubbery body absorbs attacks. (AC +1, EV +1)


Message History

No target in view!
Done exploring.
There is a stone staircase leading down here.
You climb downwards.
Found 11 arrows and a cloak.
There is a stone staircase leading up here.
Things that are here:
11 arrows; a hand axe Terence the Incautious comes into view.
He is wielding a +0 flail and carrying a wand of flame (25).
Terence shouts!
Terence zaps a wand.
The puff of flame hits you!
Ouch! That really hurt!
* * * LOW HITPOINT WARNING * * *
You are too injured to fight recklessly!
Firing (i - inventory)
c - 15 bolts (quivered)
Press: ? - help, Shift-Dir - straight line, f - Terence
Aim: Terence, wielding a +0 flail, wearing a +0 scale mail and carrying a wand of flame (24)
You shoot a bolt. The bolt closely misses Terence.
Terence zaps a wand.
The puff of flame hits you!
You die...

### #.# #######
###.######.......
########...##..........@
....[...................
#.....(...#........##
.......#.#<#.###@#.##
.......#.#.### #.# #
...#.....#.# #.#
............ ...
##.#.####### #.# ...#.
..# .. .. ..# ..#


You could see Terence.

Vanquished Creatures
  An ooze (D:1)
  3 giant cockroaches (D:1)
  4 goblins (D:1)
  4 hobgoblins (D:1)
  5 bats (D:1)
  2 frilled lizards (D:1)
  2 kobolds (D:1)
  3 rats (D:1)
24 creatures vanquished.

Notes
Turn   | Place    | Note
-------+----------+-------------------------------------------
     0 | D:1      | HEYYEYAAE the Octopode Hunter began the quest for the Orb.
     0 | D:1      | Reached XP level 1. HP: 14/14 MP: 1/1
    90 | D:1      | Reached XP level 2. HP: 19/19 MP: 2/2
   318 | D:1      | Reached XP level 3. HP: 25/25 MP: 3/3
   495 | D:2      | Noticed Terence
   496 | D:2      | Killed from afar by Terence

Action                   || total
-------------------------++-------
 Fire: Hand crossbow     ||    55
Armor: Skin              ||     3
Dodge: Dodged            ||    14
